[Event "*** SCC Grand Prix: Titled Tuesday Blitz"]
[Site "Chess.com"]
[Date "2020.07.07"]
[Round "10"]
[White "poppy73"]
[Black "malandragem"]
[Result "1-0"]
[WhiteElo "2238"]
[BlackElo "2376"]
[TimeControl "180+1"]
[EndTime "11:59:00 PDT"]
[Termination "poppy73 won by resignation"]

1. e4 c5 2. Nf3 d6 3. d4 cxd4 4.
Nxd4 Nf6 5. Nc3 g6 6. Be3 Bg7 7.
f3 Nc6 8. Qd2 O-O 9. O-O-O Nxd4 10.
Bxd4 Be6 11. Kb1 Qc7 12. g4 Rfc8 13. h4 Qa5 14. a3 Rab8 15. h5 b5 16. hxg6 hxg6 17.
Nd5 Qxd2 18. Rxd2 Bxd5 19. exd5 a5 20. Rdh2 b4 21. axb4 axb4 22. Be2 Re8 23. f4 e5 24.
dxe6 fxe6 25. g5 Ng4 26. Rh8+ Bxh8 27. Rxh8+ Kf7 28. Rh7+ Kg8 29. Rh8+ Kf7 30. Rxe8 Rxe8 31. Bxg4 e5 32. fxe5 dxe5 33. Be3 Rh8 34. Kc1 Rh2 35. c3 b3 36. Bd1 Ke6 37. Bxb3+ Kf5 38. Bc2+ e4 39. b4 Re2 40. Bd2 Ke5 41. Kd1 Rh2 42. Be3 Kd5 43. Bb3+ Ke5 44. b5 Kd6 45. b6 Kc6 46.
Bc2 Rh4 47. c4 Rg4 48. c5 Kb7 49. Ba4 Rg2 50. c6+ Ka6 51. b7 Rg1+ 1-0

[Event "*** SCC Grand Prix: Titled Tuesday Blitz"]
[Site "Chess.com"]
[Date "2020.07.07"]
[Round "10"]
[White "sergiochess83"]
[Black "NewBornNow"]
[Result "1-0"]
[WhiteElo "2839"]
[BlackElo "2686"]
[TimeControl "180+1"]
[EndTime "11:59:02 PDT"]
[Termination "sergiochess83 won by resignation"]

1. e4 c5 2. Nf3 d6 3. d4 cxd4 4. Nxd4 Nf6 5. Nc3 a6 6. Be3 Ng4 7. Bg5 h6 8. Bh4 g5 9. Bg3 Bg7 10. h3 Ne5 11. Qd2 Nbc6 12. Nb3 Be6 13. O-O-O Na5 14.
Nxa5 Qxa5 15. a3 Rc8 16. Nd5 Qxd2+ 17. Rxd2 Nc4 18. Bxc4 Rxc4 19. f3 b5 20. Re1 Bxd5 21. Rxd5 Kd7 22. c3 Rhc8 23. Red1 Ke6 24. Kc2 R4c5 25.
Bf2 Rxd5 26. Rxd5 Be5 27. Bd4 Bxd4 28. Rxd4 f5 29. exf5+ Kxf5 30. a4 bxa4 31. Rxa4 Rc6 32.
Kd3 e5 33. g4+ Ke6 34. c4 d5 35. cxd5+ Kxd5 36. Ra5+ Kd6 37. Ke4 Rb6 38. Kf5 Rb3 39.
Rxa6+ Kd5 40. Rxh6 Rxf3+ 41. Kxg5 e4 42. Rh8 e3 43. h4 Kd4 44. Re8 Kd3 45. h5 e2 46.
h6 Re3 47. Rxe3+ Kxe3 48. h7 e1=Q 49. h8=Q Qd2 50. Qe5+ Kf3+ 51. Kf5 Qd7+ 52. Kf6 Qxg4 53.
Qf5+ Qf4 54. b4 1-0

[Event "*** SCC Grand Prix: Titled Tuesday Blitz"]
[Site "Chess.com"]
[Date "2020.07.07"]
[Round "10"]
[White "theblitzchamp"]
[Black "NikolaGry"]
[Result "0-1"]
[WhiteElo "2729"]
[BlackElo "2633"]
[TimeControl "180+1"]
[EndTime "11:59:02 PDT"]
[Termination "NikolaGry won by checkmate"]

1. d4 d5 2. Bf4 c6 3. e3 Qb6 4. b3 Bf5 5. Nf3 Nd7 6. Bd3 Bg6 7. O-O e6 8. c4 Ngf6 9. Ne5 Nxe5 10. Bxe5 Nd7 11. Bg3 Be7 12. Nc3 O-O 13. Re1 Bb4 14. Rc1 Qa5 15. Qc2 Nf6 16. Bxg6 hxg6 17. f3 Rac8 18.
Re2 dxc4 19. bxc4 c5 20. Nb5 cxd4 21. exd4 Rfd8 22. a3 Bf8 23. Be1 Qb6 24. Bf2 a6 25. Nc3 Rxc4 26. Qd3 Qc6 27. Rec2 Rc8 28. Be1 Bxa3 29.
Ra1 Bb4 30. Rac1 b5 31. Kh1 Bf8 32. d5 Nxd5 33. h3 b4 34. Nxd5 Rxc2 35. Nxb4 Bxb4 36. Rd1 Bxe1 37. Rxe1 Rc1 38. Rxc1 Qxc1+ 39. Kh2 Qf4+ 40. Kg1 Qc1+ 41. Kh2 Qc6 42. h4 a5 43. h5 gxh5 44.
Qe3 Qc5 45. Qb3 g6 46. Qb7 Rc7 47. Qa8+ Kg7 48. Kh3 Qe5 49. g4 Rc2 50. f4 Qxf4 51.
Qh1 Rc3+ 52. Kg2 Qg3+ 53. Kf1 Rc1+ 54. Ke2 Rxh1 55. g5 Rh2+ 56. Kf1 Qf2# 0-1

[Event "*** SCC Grand Prix: Titled Tuesday Blitz"]
[Site "Chess.com"]
[Date "2020.07.07"]
[Round "10"]
[White "bratkoo"]
[Black "czasnaszachy"]
[Result "1-0"]
[WhiteElo "2429"]
[BlackElo "2238"]
[TimeControl "180+1"]
[EndTime "11:59:02 PDT"]
[Termination "bratkoo won by resignation"]

1. e4 c5 2. Nf3 d6 3. d4 cxd4 4.
Nxd4 Nf6 5. Nc3 g6 6. Be3 Bg7 7.
Bc4 O-O 8. f3 Nc6 9. Qd2 Bd7 10.
O-O-O Rc8 11. Bb3 Ne5 12. Kb1 Re8 13. g4 h5 14. g5 Nh7 15. f4 Nc4 16. Bxc4 Rxc4 17.
f5 b5 18. b3 Rc8 19. fxg6 fxg6 20. Ndxb5 a6 21. Nd4 Qa5 22. Nd5 Qxd2 23. Rxd2 Bg4 24. h3 Bd7 25. Nb6 Rc7 26. Nxd7 Rxd7 27. Ne6 Nf8 28.
Nxg7 Kxg7 29. Rf1 Ne6 30. Rdf2 Rf8 31. a4 Rxf2 32. Rxf2 Rc7 33. Kb2 Nf8 34. Bd4+ e5 35.
Bb6 Rc6 36. Be3 Ne6 37. Rf6 Nc7 38. c4 Ne8 39. Rf2 Rc7 40. Kc3 Rb7 41. b4 a5 42. b5 Nc7 43. Rf6 Ne8 44. c5 Nxf6 45.
gxf6+ Kxf6 46. c6 Rb8 47. c7 Rc8 48. b6 Ke7 49. Kc4 Kd7 50. Kd5 Rf8 51. Bd2 Rf1 52.
Bxa5 Rd1+ 53. Kc4 Rc1+ 54. Kb5 d5 55. exd5 e4 56. b7 Rxc7 57. b8=Q e3 58. Qxc7+ Ke8 59. Bb4 1-0

[Event "*** SCC Grand Prix: Titled Tuesday Blitz"]
[Site "Chess.com"]
[Date "2020.07.07"]
[Round "10"]
[White "JSMastropiero"]
[Black "Chuchofrio1"]
[Result "1-0"]
[WhiteElo "2417"]
[BlackElo "2231"]
[TimeControl "180+1"]
[EndTime "11:59:02 PDT"]
[Termination "JSMastropiero won by checkmate"]

1. d4 f5 2. Bg5 d6 3. Nc3 g6 4.
e4 Bg7 5. Nf3 h6 6. Be3 Nf6 7.
e5 dxe5 8. Nxe5 g5 9. Bc4 e6 10.
Qd3 Nc6 11. Nxc6 bxc6 12. O-O-O Nd5 13. Rhe1 O-O 14. Na4 Rb8 15. Nc5 Re8 16. Bd2 Qf6 17.
c3 Qg6 18. g3 Kh8 19. Ba6 Bxa6 20. Qxa6 Rb6 21. Qxa7 f4 22. gxf4 gxf4 23. Rg1 Qf5 24. Rde1 Reb8 25. b4 e5 26. Rxg7 Kxg7 27. Rxe5 Qg6 28.
Ne6+ Kh8 29. Nxf4 Nxf4 30. Bxf4 Qg1+ 31. Kc2 Qxf2+ 32. Bd2 R6b7 33. Qc5 Qf7 34. Qxc6 Qxa2+ 35. Kd3 Qb1+ 36. Ke2 Qh7 37. Re8+ Rxe8+ 38. Qxe8+ Kg7 39. Qe5+ Kf7 40. Qd5+ Kf8 41. Qxb7 Qe7+ 42. Kd3 Qh7+ 43. Qe4 Qd7 44. Bf4 Qh3+ 45. Kc4 Qf1+ 46. Kc5 Qa6 47. Qf5+ Kg8 48. Qd5+ Kh7 49. Qd7+ Kg6 50. Qc6+ Qxc6+ 51. Kxc6 Kf5 52. Bxc7 h5 53. b5 Ke4 54. b6 h4 55. b7 h3 56. b8=Q Kf3 57. Bg3 Kg2 58. Qf4 Kh1 59. Qc1+ Kg2 60. Qd2+ Kf1 61. Qe1+ Kg2 62.
Qf2+ Kh1 63. Qf1# 1-0

[Event "*** SCC Grand Prix: Titled Tuesday Blitz"]
[Site "Chess.com"]
[Date "2020.07.07"]
[Round "10"]
[White "VovenRogel"]
[Black "ShapkinAnatoliy"]
[Result "0-1"]
[WhiteElo "2713"]
[BlackElo "2618"]
[TimeControl "180+1"]
[EndTime "11:59:06 PDT"]
[Termination "ShapkinAnatoliy won by resignation"]

1. d4 Nf6 2. c4 g6 3. Nc3 d5 4.
cxd5 Nxd5 5. e4 Nxc3 6. bxc3 Bg7 7. Bc4 c5 8. Ne2 O-O 9. O-O Nc6 10. Be3 b6 11. Qd2 Bb7 12. Rad1 cxd4 13. cxd4 Rc8 14. Rc1 Na5 15. Bd3 Qd7 16. Qb4 e6 17. h4 Rxc1 18. Rxc1 Rc8 19. Rxc8+ Bxc8 20. h5 Bf8 21. Qb2 Bb7 22.
f3 Qc8 23. Kf2 Nc4 24. Bxc4 Qxc4 25. h6 Ba6 26. Ng3 f5 27. d5 f4 28. Bxf4 exd5 29.
Be3 d4 30. Bf4 Qc3 31. Qxc3 dxc3 32. Ne2 c2 33. Nc1 Bc4 34. g4 Ba3 35. Ke1 Bxc1 36. Bxc1 Bxa2 37. Kd2 Bc4 38. f4 a6 39. f5 gxf5 40.
gxf5 Kf7 41. Bb2 a5 42. Kxc2 b5 43. e5 b4 44. e6+ Ke7 45. Bd4 Ke8 46. Bf6 a4 47.
Bd4 a3 48. Bc5 b3+ 49. Kc3 b2 50. Kxc4 b1=Q 51. f6 Qe4+ 0-1

[Event "*** SCC Grand Prix: Titled Tuesday Blitz"]
[Site "Chess.com"]
[Date "2020.07.07"]
[Round "10"]
[White "kakakz"]
[Black "Fighter008"]
[Result "1-0"]
[WhiteElo "2382"]
[BlackElo "2545"]
[TimeControl "180+1"]
[EndTime "11:59:06 PDT"]
[Termination "kakakz won by resignation"]

1. d4 c5 2. d5 d6 3. Nf3 Nf6 4. c4 g6 5. g3 Bg7 6. Bg2 O-O 7. Nc3 e6 8. O-O exd5 9. cxd5 Re8 10. Bf4 Ne4 11. Nxe4 Rxe4 12. Nd2 Rxf4 13. gxf4 Bxb2 14.
Rb1 Bg7 15. Nc4 Qe7 16. e4 Nd7 17. Re1 Rb8 18. a4 Qh4 19. Qf3 Nf6 20. Qg3 Qh6 21. Nxd6 Bd7 22. Qg5 b6 23. e5 Nh5 24. e6 fxe6 25.
dxe6 Bxa4 26. e7 Nxf4 27. Qxh6 Bxh6 28. e8=Q+ Bxe8 29. Rxe8+ Rxe8 30. Nxe8 Ne2+ 31. Kf1 Nc3 32. Rb3 Na4 33. Nd6 Bf4 34. Nc8 Bb8 35. Bc6 c4 36. Bd5+ Kf8 37. Bxc4 Nc5 38. Ra3 Ke8 39. Nxa7 Kd7 40.
Nb5 Kc6 41. Nc3 Be5 42. Bb5+ Kd6 43. Ke2 Bd4 44. h4 Ke5 45. Nd1 Ne6 46. Ne3 Nf4+ 47. Kf3 Ne6 48. Bd7 Nc5 49. Bg4 Bb2 50. Ra8 Nb3 51. Nc4+ Kd4 52. Nxb2 Kc3 53. Rb8 Nd2+ 54. Ke2 1-0

[Event "*** SCC Grand Prix: Titled Tuesday Blitz"]
[Site "Chess.com"]
[Date "2020.07.07"]
[Round "10"]
[White "Balla_Tamas"]
[Black "bazar-wokzal"]
[Result "1-0"]
[WhiteElo "2518"]
[BlackElo "2384"]
[TimeControl "180+1"]
[EndTime "11:59:07 PDT"]
[Termination "Balla_Tamas won by resignation"]

1. d4 Nf6 2. Bf4 c5 3. c3 Qb6 4. Qb3 Qxb3 5. axb3 cxd4 6. cxd4 Nc6 7. e3 Nh5 8. Bc7 d6 9. Bb5 Bd7 10. Nc3 Nf6 11.
Nf3 e6 12. Kd2 Rc8 13. Bxc6 Bxc6 14. Ba5 d5 15. Nd1 Ne4+ 16. Ke1 f6 17. Nd2 Nd6 18. Bb4 a6 19. Nc3 Kd7 20. f3 Be7 21. Kf2 Ne4+ 22.
Ndxe4 Bxb4 23. Nc5+ Kd6 24. Nd3 Bxc3 25. bxc3 Bb5 26.
Nc5 b6 27. Nxa6 Rxc3 28. Ra3 Ra8 29. Rha1 Rc2+ 30. Kg3 Rb2 31. Nc7 Kxc7 32. Rxa8 Rxb3 33. R8a7+ Kc6 34. Rxg7 h5 35. Kf4 Rb2 36. Rg6 Kd6 37.
h4 Bc4 38. g4 hxg4 39. fxg4 b5 40. Rxf6 b4 41. h5 b3 42. Kg3 Re2 43. h6 b2 44. Rg1 Bd3 45. g5 b1=Q 46. Rxb1 Bxb1 47. g6 Rxe3+ 48. Kh4 Re4+ 49. Kg5 Rxd4 50. h7 Bxg6 51. Rxg6 Rd1 52. h8=Q Rg1+ 53. Kf6 Rf1+ 54. Kg7 Rf5 55. Qd8+ Ke5 56. Qd7 Kf4 57. Rxe6 Re5 58. Rxe5 1-0

[Event "*** SCC Grand Prix: Titled Tuesday Blitz"]
[Site "Chess.com"]
[Date "2020.07.07"]
[Round "10"]
[White "marabu44"]
[Black "Larina_Marija"]
[Result "1/2-1/2"]
[WhiteElo "2235"]
[BlackElo "2117"]
[TimeControl "180+1"]
[EndTime "11:59:07 PDT"]
[Termination "Game drawn by repetition"]

1. Nf3 f5 2. d3 Nc6 3. e4 e5 4. Nc3 Nf6 5. Bg5 Bb4 6. Nd2 Bxc3 7. bxc3 O-O 8. g3 d5 9. Bxf6 Rxf6 10. Bg2 fxe4 11. dxe4 d4 12. cxd4 Qxd4 13. O-O Be6 14. Nb3 Qb4 15. Qe2 Bc4 16. Qe3 Bxf1 17. Rxf1 Nd4 18.
c3 Ne2+ 19. Qxe2 Qxc3 20. Rc1 Qb4 21. Rxc7 b5 22. Rc5 a6 23. Qd2 Qxd2 24. Nxd2 Rd6 25.
Rd5 Rad8 26. Nb3 Rxd5 27. exd5 Rc8 28. Be4 g6 29. Kg2 Kf7 30. h4 Ke7 31. Na5 Rc3 32. Nc6+ Kd6 33. f3 Ra3 34. Nd8 Rxa2+ 35. Kh3 b4 36.
Nf7+ Ke7 37. Nxe5 b3 38. Nc4 a5 39. d6+ Kd7 40. Bd5 Rc2 41. Ne5+ Kxd6 42. Bxb3 Rb2 43.
Nf7+ Ke7 44. Bd5 a4 45. Ng5 h6 46. Ne4 a3 47. h5 gxh5 48. f4 Rb1 49. Nc3 Rc1 50.
Na2 Rc2 51. Bb3 Rb2 52. Bg8 Kf6 53. Bd5 Kg6 54. Be4+ Kf6 55. Bd5 Rb1 56. Bc4 Rb2 57. Bg8 Ke7 58. f5 Kf6 59. Be6 Re2 60. Nc3 Rc2 61.
Na2 Rb2 62. Nc3 Rc2 63. Na2 Re2 64. Nc3 Rc2 1/2-1/2

[Event "*** SCC Grand Prix: Titled Tuesday Blitz"]
[Site "Chess.com"]
[Date "2020.07.07"]
[Round "10"]
[White "Volodar_Murzin"]
[Black "EvgenyT"]
[Result "1-0"]
[WhiteElo "2719"]
[BlackElo "2875"]
[TimeControl "180+1"]
[EndTime "11:59:08 PDT"]
[Termination "Volodar_Murzin won on time"]

1. e4 e5 2. Nf3 Nc6 3. Bb5 Nf6 4. O-O Nxe4 5. Re1 Nd6 6. Nxe5 Be7 7. Bf1 O-O 8. d4 Nf5 9. Nf3 d5 10. c3 Bf6 11.
Bf4 Nce7 12. Bd3 Ng6 13. Bg3 c6 14. Nbd2 Nxg3 15. hxg3 Bg4 16. Qc2 Qc7 17. Bf5 Bxf5 18. Qxf5 Rfe8 19. Nf1 Ne7 20. Qd3 g6 21. Re2 Nf5 22. Rae1 Rxe2 23. Rxe2 Nd6 24. N1d2 Qd7 25. Ne5 Qf5 26. Qxf5 Nxf5 27. Nd7 Kg7 28. g4 Nd6 29.
Nxf6 Kxf6 30. f3 Rh8 31. Kf2 h5 32. gxh5 Rxh5 33. Nf1 Rh8 34. Ne3 Re8 35. Ng4+ Kg7 36.
Ne5 g5 37. g4 Rh8 38. Kg2 f6 39. Nd3 Kf7 40. Nc5 b6 41. Nd3 a5 42. a4 Nc8 43.
b4 axb4 44. cxb4 Nd6 45. Ra2 Ra8 46. a5 Nb5 47. Kg3 bxa5 48. bxa5 Nxd4 49. a6 Ke7 50. Nc5 Kd6 51. Nb7+ Kc7 52. Nc5 Nb5 53. Rc2 Ra7 54. Kf2 Nd6 55. Ke3 Nb5 56. Kd3 Ra8 57. Re2 Kb6 58. Rc2 1-0

[Event "*** SCC Grand Prix: Titled Tuesday Blitz"]
[Site "Chess.com"]
[Date "2020.07.07"]
[Round "10"]
[White "PattyCastillo"]
[Black "crossingthestreet"]
[Result "0-1"]
[WhiteElo "1943"]
[BlackElo "2418"]
[TimeControl "180+1"]
[EndTime "11:59:08 PDT"]
[Termination "crossingthestreet won on time"]

1. d4 Nf6 2. Nf3 d5 3. e3 e6 4. Bd3 Bd6 5. b3 O-O 6. Bb2 b6 7. O-O Bb7 8. Nbd2 Nbd7 9. Qe2 Ne4 10. Ne5 c5 11. c4 Qc7 12. f4 Ndf6 13. Rac1 Nxd2 14. Qxd2 Ne4 15. Qe2 Qe7 16. Bxe4 dxe4 17. Rcd1 Rfd8 18. Rd2 Rac8 19. Rfd1 cxd4 20. Bxd4 Bb4 21.
Rc2 f6 22. Ng4 Rd7 23. Ba1 Rcd8 24. Rd4 Bc5 25. Rxd7 Qxd7 26. Nf2 Bb4 27. Bb2 a5 28. a3 Bc5 29. h3 Qe8 30. Rd2 Qe7 31. a4 Bb4 32. Rxd8+ Qxd8 33. Qg4 Qe7 34. f5 exf5 35. Qxf5 Bc5 36. Bd4 Bxd4 37. exd4 e3 38. Nd3 e2 39. Qf2 Qe4 40. Ne1 f5 41. d5 f4 42. Qxb6 Qe7 43.
Qe6+ Qxe6 44. dxe6 Kf8 45. Kf2 Ke7 46. Kxe2 Kxe6 47.
Kf2 Ke5 48. Nd3+ Kf5 49. Nc5 Bc6 50. Na6 Ke4 51. Nc7 Kd3 52. Ne6 Kc3 53. Nxg7 Bd7 54. c5 Kxb3 55. c6 Bxc6 56. Ne6 Bxa4 57. Nxf4 Bc6 58.
Nd3 a4 0-1

[Event "*** SCC Grand Prix: Titled Tuesday Blitz"]
[Site "Chess.com"]
[Date "2020.07.07"]
[Round "10"]
[White "Gloomy_Wanderer"]
[Black "Chessdreamer2020"]
[Result "1-0"]
[WhiteElo "2751"]
[BlackElo "2610"]
[TimeControl "180+1"]
[EndTime "11:59:10 PDT"]
[Termination "Gloomy_Wanderer won by checkmate"]

1. d4 d6 2. e4 Nf6 3. Nc3 e5 4. Nge2 c6 5. a4 Be7 6. g3 exd4 7. Nxd4 d5 8. e5 Ng4 9. f4 O-O 10. Be2 Nh6 11. O-O Bh3 12. Rf2 Bc5 13. Be3 Qd7 14.
Qd2 Na6 15. Re1 Ng4 16. Bxg4 Bxg4 17. Nb3 Bb4 18. Qd3 Bf5 19. Qd1 b6 20. Nd4 Bg4 21.
Qd3 Nc5 22. Qd2 Ne4 23. Qd3 Bxc3 24. bxc3 Nxf2 25. Bxf2 c5 26. Nf3 Bf5 27. Qd2 Rad8 28. a5 h6 29. axb6 axb6 30. Rb1 Qc6 31. Nh4 Be4 32.
f5 d4 33. cxd4 cxd4 34. Qf4 Qxc2 35. Re1 Ba8 36. Bxd4 Qc6 37. Kf2 Qc4 38. Be3 Qxf4+ 39. gxf4 b5 40. Rb1 Rd5 41. Nf3 Rfd8 42. Rb4 Bc6 43. Nd4 Be8 44. Kf3 Rb8 45. Ke4 Rdd8 46. h4 Rdc8 47. e6 Bc6+ 48. Ke5 Bg2 49. f6 Rc5+ 50. Kd6 Rd5+ 51. Kc7 Re8 52. f5 gxf6 53. Rb2 Be4 54. Rf2 fxe6 55. fxe6 f5 56.
Rf1 Rxd4 57. Rg1+ Kf8 58. Bxd4 Rxe6 59. Kd7 Ra6 60. Bg7+ Kf7 61. Be5 Ra7+ 62. Kd6 Re7 63. Rg7+ Kf8 64. Rxe7 b4 65. Ke6 b3 66. Kf6 f4 67.
Rd7 f3 68. Rd8# 1-0

[Event "*** SCC Grand Prix: Titled Tuesday Blitz"]
[Site "Chess.com"]
[Date "2020.07.07"]
[Round "10"]
[White "hongnhung1234"]
[Black "mortngabriel"]
[Result "0-1"]
[WhiteElo "2201"]
[BlackElo "2329"]
[TimeControl "180+1"]
[EndTime "11:59:10 PDT"]
[Termination "mortngabriel won on time"]

1. e4 e5 2. Nf3 Nc6 3. d4 exd4 4. Nxd4 Nf6 5. Nc3 Bb4 6. Nxc6 bxc6 7. Bd3 d5 8. exd5 O-O 9. O-O Bg4 10. f3 Bh5 11.
Be3 cxd5 12. Kh1 c5 13. Bg5 Bxc3 14. bxc3 Qd6 15. c4 d4 16. Qd2 Bg6 17. Bf4 Qa6 18.
Rfe1 Rfe8 19. Be5 Nd7 20. Bg3 Nb6 21. Qg5 Rec8 22. Re7 Nxc4 23. Qd5 Nb6 24. Qxa8 Rxa8 25. Bxa6 Bxc2 26. Rc1 d3 27. Bf4 Nd5 28. Bb7 Nxe7 29. Bxa8 Ng6 30. Be3 c4 31. Be4 Ne5 32. h3 g6 33. f4 f5 34. Bd5+ Nf7 35. Bxc4 Kg7 36.
Bd4+ Kf8 37. Bc3 Nd6 38. Bb3 Bxb3 39. axb3 Ne4 40. Bb4+ Kf7 41. Rd1 Nf2+ 42. Kg1 Nxd1 43. Kf1 Ke6 44. Ke1 Ne3 45. g3 Kd5 46. Kd2 Ke4 47.
Bc5 Nf1+ 48. Kd1 a6 49. Bf2 Kf3 50. Be1 Nxg3 51. Kd2 Kxf4 52. Kxd3 Ne4 53. Kc4 Ke3 54. Kb4 f4 55. Ka5 f3 0-1

[Event "*** SCC Grand Prix: Titled Tuesday Blitz"]
[Site "Chess.com"]
[Date "2020.07.07"]
[Round "10"]
[White "Iskusnyh"]
[Black "Jungle_Jaguar"]
[Result "0-1"]
[WhiteElo "2475"]
[BlackElo "2664"]
[TimeControl "180+1"]
[EndTime "11:59:11 PDT"]
[Termination "Jungle_Jaguar won on time"]

1. d4 d5 2. c4 c6 3. Nf3 Nf6 4. e3 e6 5. Bd3 Nbd7 6. b3 Ne4 7. O-O f5 8. Qc2 Bd6 9. Ba3 Qe7 10. Qb2 O-O 11. Bxd6 Qxd6 12. Nc3 Qe7 13. Rac1 g5 14. Ne2 g4 15. Ne5 Nxe5 16. dxe5 h5 17. Nf4 Qg5 18. f3 gxf3 19. Rxf3 h4 20. cxd5 exd5 21. e6 Qf6 22.
Qxf6 Rxf6 23. Bxe4 fxe4 24. Rh3 Bxe6 25. Rxh4 Bd7 26.
g4 Re8 27. Rf1 Re5 28. Kg2 c5 29. Rd1 Bc6 30. Kg3 Rd6 31. Ne2 Bb5 32. Nc3 Bd3 33.
b4 d4 34. bxc5 Rxc5 35. Nxe4 Bxe4 36. Rxd4 Rxd4 37. exd4 Rc2 38. g5 Bd5 39. Rh6 Rg2+ 40. Kf4 Rxa2 41. h4 Re2 42. Rd6 Bc6 43. h5 Re4+ 44. Kf5 Re1 45. h6 Be8 46. g6 Rf1+ 47. Ke5 Rg1 48. g7 Kh7 49. Rf6 Bg6 50. Rf8 Bf7 0-1

[Event "*** SCC Grand Prix: Titled Tuesday Blitz"]
[Site "Chess.com"]
[Date "2020.07.07"]
[Round "10"]
[White "ErikRonka"]
[Black "Alkhoori90"]
[Result "1-0"]
[WhiteElo "2394"]
[BlackElo "2257"]
[TimeControl "180+1"]
[EndTime "11:59:11 PDT"]
[Termination "ErikRonka won by resignation"]

1. d4 Nf6 2. Nc3 c5 3. d5 g6 4. e4 d6 5. Nf3 Bg7 6. Bb5+ Bd7 7. a4 O-O 8. O-O Bg4 9. Be2 e6 10. dxe6 fxe6 11. e5 dxe5 12. Qxd8 Rxd8 13. Nxe5 Bxe2 14. Nxe2 Nd5 15. Nc4 Nc6 16. c3 h6 17. Nf4 Nxf4 18. Bxf4 Rd7 19. a5 Rad8 20. Be3 Rd5 21. h3 Ne5 22.
Nxe5 Rxe5 23. a6 b6 24. Rad1 Red5 25. Rc1 Bf6 26. f3 Kg7 27. Kf2 Bg5 28. f4 Bf6 29. Ke2 e5 30. f5 g5 31. Kf3 Rd3 32. Ke4 Kf7 33. g4 Ke7 34. Rh1 R8d7 35. h4 gxh4 36. Bxh6 Rg3 37. Rcg1 Rdd3 38. Rxg3 Rxg3 39. g5 Bxg5 40.
Bxg5+ Rxg5 41. Kxe5 Rh5 42. b4 cxb4 43. cxb4 h3 44. Rh2 Rh4 45. b5 Rh5 46. Ke4 Kf6 47. Kd5 Rxf5+ 48. Kc6 Rc5+ 49. Kb7 Rxb5 50. Rxh3 Ra5 51.
Kxa7 b5 52. Kb6 Ra2 53. a7 Ke6 54. Kb7 Kd7 55. a8=Q Rxa8 56. Kxa8 Kc6 57. Ka7 b4 58. Ka6 Kc5 59. Ka5 b3 60. Rxb3 1-0

[Event "*** SCC Grand Prix: Titled Tuesday Blitz"]
[Site "Chess.com"]
[Date "2020.07.07"]
[Round "10"]
[White "giantslayer83"]
[Black "wonderfultime"]
[Result "1-0"]
[WhiteElo "2749"]
[BlackElo "2971"]
[TimeControl "180+1"]
[EndTime "11:59:12 PDT"]
[Termination "giantslayer83 won by resignation"]

1. d4 d5 2. c4 c6 3. Nc3 Nf6 4. e3 a6 5. Nf3 Bf5 6. Qb3 Ra7 7. a4 e6 8. a5 c5 9. cxd5 exd5 10.
Qb6 Nc6 11. dxc5 Be7 12. Nd4 Nxd4 13. exd4 Qb8 14. Be2 O-O 15. O-O Bd8 16. Qb4 Bc7 17. h3 h6 18. Bf3 Rd8 19. Re1 Qc8 20. Bd2 Qd7 21. Qa4 Qc8 22. b4 Ra8 23. Re2 Bd3 24.
Re3 Bc4 25. Qc2 Bf4 26. Re7 Bxd2 27. Qxd2 Qc6 28. Rae1 Rd7 29. R1e5 Rxe7 30. Rxe7 Re8 31. Qe3 Kf8 32. Rxe8+ Nxe8 33. Qe5 Nc7 34. g3 Qd7 35.
Kg2 f6 36. Qf4 Ne6 37. Qb8+ Nd8 38. Qd6+ Qxd6 39. cxd6 Nc6 40. Nxd5 Nxd4 41. d7 Ne6 42. Nb6 Bb5 43. Bxb7 Ke7 44. Kf3 Nd4+ 45. Ke4 Nc2 46. Bc8 Bc6+ 47. Kd3 Nxb4+ 48. Kc4 Nc2 49. Kc5 Bb5 50.
Nd5+ Kd8 51. Kd6 Nd4 52. Nf4 Nf5+ 53. Kc5 Bxd7 54. Bxa6 g5 55. Nd5 Ng7 56. Nxf6 Bxh3 57. Bc4 Kc7 58. a6 h5 59. Nd5+ Kb8 60. Kb6 Ne8 61. a7+ Ka8 62. Bb5 1-0

[Event "*** SCC Grand Prix: Titled Tuesday Blitz"]
[Site "Chess.com"]
[Date "2020.07.07"]
[Round "10"]
[White "maximnovik"]
[Black "Forantes"]
[Result "1-0"]
[WhiteElo "2510"]
[BlackElo "2364"]
[TimeControl "180+1"]
[EndTime "11:59:13 PDT"]
[Termination "maximnovik won by resignation"]

1. d4 Nf6 2. Bg5 d5 3. Bxf6 exf6 4. e3 Bd6 5. Bd3 O-O 6. Qf3 c6 7. Nd2 Re8 8. Ne2 b5 9. g4 Qd7 10. Bf5 Qc7 11. Bxc8 Qxc8 12. h4 Na6 13. O-O-O b4 14. Kb1 Nc7 15. Rdg1 a5 16. g5 f5 17. h5 a4 18. g6 fxg6 19. hxg6 h6 20. Rh5 Rf8 21. Nf4 Ne6 22. Nd3 f4 23. Qh3 Ng5 24. Qh1 Rf5 25.
Rgxg5 Rxg5 26. Rxg5 hxg5 27. Qh7+ Kf8 28. Qh8+ Ke7 29. Qxg7+ Kd8 30. e4 Qd7 31. Qh6 Kc7 32.
e5 Be7 33. g7 Rg8 34. Qg6 Bd8 35. Nc5 Qe7 36. Nf3 Kc8 37. Qf5+ Kb8 38. Ne6 Re8 39.
Nfxg5 Rg8 40. Nf3 Rxg7 41. Nxg7 Qxg7 42. Qxf4 Kb7 43. a3 b3 44. cxb3 axb3 45. Qe3 Qh7+ 46. Ka1 Qc2 47. Nd2 Bg5 48. Qxb3+ Qxb3 49. Nxb3 Kc7 50.
Kb1 Kd7 51. Kc2 Ke6 52. Kd3 Kf5 53. Nc5 Bc1 54. a4 Bxb2 55. a5 Ba3 56. a6 Bxc5 57. dxc5 Kxe5 1-0

[Event "*** SCC Grand Prix: Titled Tuesday Blitz"]
[Site "Chess.com"]
[Date "2020.07.07"]
[Round "10"]
[White "m-garcett"]
[Black "The_Machine04"]
[Result "0-1"]
[WhiteElo "2060"]
[BlackElo "2254"]
[TimeControl "180+1"]
[EndTime "11:59:13 PDT"]
[Termination "The_Machine04 won by resignation"]

1. e4 d6 2. d4 Nf6 3. Nc3 e5 4. Nf3 Nbd7 5. Bc4 Be7 6. Be3 c6 7. h3 h6 8. Qd2 Qc7 9. Bb3 a5 10.
a3 Nf8 11. O-O Be6 12. d5 Bd7 13. Rad1 c5 14. Bc4 g5 15. Bb5 Ng6 16. Bxd7+ Qxd7 17. Nh2 Nf4 18. Bxf4 gxf4 19. Qe2 Rg8 20. f3 Nh5 21. Qb5 Qxb5 22. Nxb5 Kd7 23. c3 Ng3 24. Rf2 a4 25.
Rc2 Ra6 26. Rd3 Rga8 27. c4 Ra5 28. b3 axb3 29. Rxb3 b6 30. Ng4 h5 31. Nf2 Bd8 32. Nd3 h4 33. Ra2 f5 34. Nc3 fxe4 35. Nxe4 Nxe4 36. fxe4 Rb8 37. Ne1 b5 38. Rab2 Rba8 39. cxb5 Rxa3 40. Rxa3 Rxa3 41. Nf3 Bb6 42. Nxh4 Re3 43.
Kh2 Rxe4 44. Nf5 Rb4 45. Ra2 Rxb5 46. Ra8 c4 47. Rg8 Rxd5 48. Rg7+ Ke6 49. Nh6 c3 50. Rg6+ Kd7 51. Rg7+ Kc6 52. Nf5 c2 53. Rg8 Bc7 54. Rc8 c1=Q 55. Ne7+ Kd7 56. Nxd5 Kxc8 57. Nxc7 Kxc7 0-1

[Event "*** SCC Grand Prix: Titled Tuesday Blitz"]
[Site "Chess.com"]
[Date "2020.07.07"]
[Round "10"]
[White "snap_man"]
[Black "Sychev_Klementy"]
[Result "0-1"]
[WhiteElo "2319"]
[BlackElo "2766"]
[TimeControl "180+1"]
[EndTime "11:59:16 PDT"]
[Termination "Sychev_Klementy won by resignation"]

1. Nf3 Nf6 2. g3 d5 3. Bg2 c6 4.
O-O Bg4 5. b3 Nbd7 6. Bb2 e6 7. d3 Be7 8. Nbd2 O-O 9. c4 a5 10.
cxd5 exd5 11. Qc2 a4 12. e4 h6 13. Rfe1 Re8 14. h3 Bh5 15. e5 Nh7 16. e6 fxe6 17. Rxe6 axb3 18. axb3 Rxa1+ 19. Bxa1 Nhf6 20. Nh4 Bf7 21. Re1 Bb4 22. Rxe8+ Qxe8 23. Ndf3 Qe6 24. g4 Nf8 25.
Ne5 Bd6 26. Nxf7 Kxf7 27. Bc3 N8d7 28. Nf5 Bc5 29. b4 Bf8 30. Qd2 g6 31. Nxh6+ Ke8 32. g5 Nh5 33. Ng4 Bd6 34. Qe1 Qxe1+ 35. Bxe1 Nf4 36. Bf1 Kf7 37. h4 Ne5 38. Bd2 Nf3+ 39. Kh1 Nxd2 40. Nh6+ Kg7 41. Bg2 Nxg2 42. Kxg2 Bxb4 43.
Ng4 Bc3 44. f4 b5 45. f5 gxf5 46. Ne3 Kg6 47. Kg3 b4 48. Kf4 b3 49. Nxf5 b2 50.
Ng3 b1=Q 51. h5+ Kf7 0-1

[Event "*** SCC Grand Prix: Titled Tuesday Blitz"]
[Site "Chess.com"]
[Date "2020.07.07"]
[Round "10"]
[White "Zurability"]
[Black "chenxiaoyuer"]
[Result "1-0"]
[WhiteElo "2599"]
[BlackElo "2435"]
[TimeControl "180+1"]
[EndTime "11:59:17 PDT"]
[Termination "Zurability won by checkmate"]

1. c4 Nf6 2. d4 g6 3. Nc3 Bg7 4. e4 d6 5. Nf3 O-O 6. Be2 e5 7. d5 a5 8. Bg5 h6 9. Be3 Ng4 10. Bd2 f5 11. exf5 gxf5 12. h3 Nf6 13. Qc1 Kh7 14.
g4 Na6 15. g5 Nh5 16. gxh6 Bf6 17. Rg1 Rg8 18. Ng5+ Bxg5 19. Rxg5 Nf6 20. Rxg8 Qxg8 21. Bg5 Ne4 22. Nxe4 fxe4 23. Qe3 Bf5 24. O-O-O Nb4 25. Rg1 Qf7 26. Bh4 Rg8 27. Rg5 Rxg5 28. Qxg5 Nxa2+ 29. Kd2 Bg6 30. Bg4 Nb4 31. Be6 Qf4+ 32. Qxf4 exf4 33. Bg5 e3+ 34. fxe3 f3 35. Bh4 Nd3 36. Bg4 f2 37. Be2 Nxb2 38. Bxf2 a4 39. Kc3 a3 40. Kb3 Bd3 41. Bg4 Bxc4+ 42. Kxa3 Nd3 43. Bh4 Kxh6 44.
Bd8 Bxd5 45. Bxc7 Be4 46. Bxd6 Nf2 47. Bf4+ Kg6 48. Bc8 Bg2 49. h4 Kh5 50. Bg5 Ne4 51.
Be7 Bh3 52. Bxh3 Nf2 53. Be6 Ne4 54. Bf7+ Kg4 55. Bd5 Nd2 56. Kb4 Kh5 57. Bf7+ Kg4 58. h5 Nf1 59. h6 Nxe3 60. h7 Nf5 61. h8=Q Nxe7 62. Qd4+ Kg5 63. Qe5+ Nf5 64. Be6 Kg4 65. Qxf5+ Kg3 66. Qg4+ Kh2 67. Qh3+ Kg1 68. Qg3+ Kf1 69.
Bc4# 1-0